 Dungeon Crawl Stone Soup version 0.29-a0-620-g13ace881f2 (webtiles) character file.

Game seed: 17061173427868478996

110 Engwar the Cudgeller (level 5, 0/45 HPs)
             Began as a Meteoran Cinder Acolyte on June 18, 2022.
             Was an Elder of Ignis.
             Slain by Ijyb
             ... wielding a +0 club
              (3 damage)
             ... on level 3 of the Dungeon.
             The game lasted 00:11:22 (1069 turns).

Engwar the Cudgeller (Meteoran Cinder Acolyte)      Turns: 1069, Time: 00:11:22

Health: 0/45       AC: 10    Str: 16    XL:     5   Next: 38%
Magic:  5/8        EV: 12    Int: 17    God:    Ignis [****..]
Gold:   62         SH:  0    Dex: 15    Spells: 5/7 levels left

rFire   + . .      SeeInvis .   a - -1 mace (flame)
rCold   . . .      Faith    .   (no shield)
rNeg    . . .      Spirit   .   b - +0 robe
rPois   .          Reflect  .   (no helmet)
rElec   .          Harm     .   (no cloak)
rCorr   .          Rampage  .   c - +0 pair of gloves
Will    .....                   (no boots)
Stlth   +.........              (no amulet)
HPRegen 0.15/turn               i - ring of flight
MPRegen 0.11/turn               k - +6 ring of dexterity

@: fiery-armoured, flying, glowing
A: sense surroundings 1, otherworldly, glowing, explore regen
a: Renounce Religion, Fiery Armour, Foxfire Swarm, Rising Flame


You were on level 3 of the Dungeon.
You worshipped Ignis.
Ignis was greatly pleased with you.
You visited 1 branch of the dungeon, and saw 3 of its levels.

You collected 62 gold pieces.

Inventory:

Hand Weapons
 a - a -1 mace of flaming (weapon)
 l - a +2 falchion of holy wrath
Armour
 b - a +0 robe (worn)
 c - a +0 pair of gloves (worn)
Jewellery
 i - a ring of flight (left hand)
 k - a +6 ring of dexterity (right hand)
Scrolls
 f - 2 scrolls of poison {unknown}
 j - 2 scrolls of teleportation {unknown}
 m - a scroll of amnesia {unknown}
Potions
 d - 2 potions of attraction
 e - a potion of ambrosia
 h - a potion of mutation
 n - a potion of might {unknown}


   Skills:
 - Level 3.2 Fighting
 - Level 6.2 Maces & Flails
 - Level 2.0 Dodging
 + Level 1.8 Spellcasting
 - Level 4.1 Fire Magic


You had 5 spell levels left.
You knew the following spells:

 Your Spells              Type           Power      Damage    Failure   Level
a - Scorch                Fire           30%        2d6       5%          2

Your spell library contained the following spells:

 Spells                   Type           Power      Damage    Failure   Level
 Summon Small Mammal      Summ           4%         N/A       21%         1
 Call Canine Familiar     Summ           1%         N/A       52%         3
 Gell's Gravitas          Tloc           1%         N/A       52%         3
 Lesser Beckoning         Tloc           1%         N/A       52%         3
 Summon Guardian Golem    Hex/Summ       1%         N/A       52%         3
 Teleport Other           Tloc           1%         N/A       52%         3


Dungeon Overview and Level Annotations

Branches:
Dungeon (3/15) Zot: 713

Altars:

Annotations:
D:3 Ijyb


Innate Abilities, Weirdness & Mutations

You passively map a small area around you.
You are easily found by Zot.
You glow in the dark.
You regain HP and MP as you explore.


Message History

Confirm with . or Enter, or press ? or * to list all spells.
Flames lash Ijyb.
Ijyb is lightly wounded.
Ijyb's fire resistance burns away.
You feel sick. Ijyb hits you with a +0 club.
You hit Ijyb but do no damage.
Ijyb is lightly wounded.
You feel sick. Ijyb closely misses you.
You hit Ijyb but do no damage. You punch Ijyb, but do no damage.
Ijyb is lightly wounded.
You feel sick. Ijyb hits you with a +0 club.
* * * LOW HITPOINT WARNING * * *
You hit Ijyb. You burn Ijyb.
Ijyb is moderately wounded.
You feel sick.
Ijyb is no longer more vulnerable to fire.
Ijyb hits you with a +0 club.
* * * LOW HITPOINT WARNING * * *
You feel better. Ijyb hits you with a +0 club.
You hit Ijyb but do no damage.
Ijyb is moderately wounded.
Ijyb hits you with a +0 club.
* * * LOW HITPOINT WARNING * * *
Ijyb hits you with a +0 club.
* * * LOW HITPOINT WARNING * * *
A protective cloak of flame settles atop you.
Ijyb hits you but does no damage. Ijyb is burned by your cloak of flames.
Ijyb is heavily wounded.
You barely miss Ijyb.
Ijyb is heavily wounded.
Ijyb hits you with a +0 club.
* * * LOW HITPOINT WARNING * * *
Casting: Scorch (safe; 5% risk of failure)
Confirm with . or Enter, or press ? or * to list all spells.
Flames lash Ijyb.
Ijyb is severely wounded.
Ijyb's fire resistance burns away.
Ijyb hits you but does no damage.
You closely miss Ijyb.
Ijyb is severely wounded.
Ijyb hits you with a +0 club.
You die...

#.... ,..... * *
#.... .g.... , ,
#....##...... *
#........#* * *
#.....# * ,
....#.#.# ,. # #†#
, #g# *#@# * * *,
,, #.# , ,, #.# ,
, * #.# , , * *
####.#
#######.##.# ,
#.......##.# *
#######.##'#######
#.......#........#


You could see Ijyb (combustible).

Vanquished Creatures
  Terence (D:3)
  A gnoll (D:1)
  2 adders
  2 worms (D:2)
  3 dart slugs
  5 endoplasms
  2 giant cockroaches (D:1)
  A hobgoblin (D:1)
  3 jackals (D:1)
  A quokka (D:2)
  4 ball pythons
  4 bats
  A frilled lizard (D:3)
  6 goblins
  7 kobolds
  5 rats
48 creatures vanquished.

Notes
Turn   | Place    | Note
-------+----------+-------------------------------------------
     0 | D:1      | Engwar the Meteoran Cinder Acolyte began the quest for the
                  | Orb.
     0 | D:1      | Reached XP level 1. HP: 19/19 MP: 3/3
   154 | D:1      | Reached XP level 2. HP: 6/26 MP: 5/5
   166 | D:1      | Learned a level 2 spell: Scorch
   226 | D:1      | Reached skill level 1 in Dodging
   270 | D:1      | Reached XP level 3. HP: 31/31 MP: 6/6
   488 | D:1      | Glimpsed the power of Zot.
   505 | D:1      | Reached skill level 5 in Maces & Flails
   505 | D:1      | Reached XP level 4. HP: 38/38 MP: 7/7
   943 | D:3      | Noticed Terence
   960 | D:3      | Killed Terence
   961 | D:3      | Reached skill level 6 in Maces & Flails
   961 | D:3      | Reached XP level 5. HP: 17/45 MP: 2/8
  1047 | D:3      | Noticed Ijyb
  1066 | D:3      | HP: 2/45 [Ijyb/+0 club (5)]
  1069 | D:3      | Slain by Ijyb

Illustrated notes

Levels and vault maps discovered:
D:1:      nicolae_arrival_somewhat_less_tricky_arrival, layout_rooms
D:2:      layout_rooms
D:3:      layout_basic, minmay_misc_feat_rugged, minmay_pentomino_pile,
          uniq_terence, uniq_grinder, uniq_ijyb

Skill      XL: |  1  2  3  4 |
---------------+-------------+-----
Fire Magic     | 4 |  4.1
Dodging        | 2 |  2.0
Maces & Flails | 5 6 |  6.2
Fighting       | |  3.2
Spellcasting   | |  1.8

Action                   |  1- 3 |  4- 6 || total
-------------------------+-------+-------++-------
Melee: Mace              |    62 |    51 ||   113
       Punch             |       |     1 ||     1
 Cast: Scorch            |       |     5 ||     5
Invok: Fiery Armour      |     2 |     1 ||     3
  Use: Scroll            |       |     4 ||     4
       Potion            |       |     1 ||     1
Armor: Robe              |    36 |     6 ||    42
Dodge: Dodged            |    38 |    18 ||    56

Table legend: (Time is in decaauts)
 A = Elapsed time spent in this place.
 B = Non-inter-level travel time spent in this place.
 C = Inter-level travel time spent in this place.
 D = Time resting spent in this place.
 E = Time spent auto-exploring this place.
 F = Levels seen in this place.
 G = Mean time per level.
                   A        B        C        D        E       F      G
               +--------+--------+--------+--------+--------+-----+--------+
         Total |   1085 |   1079 |      6 |      0 |    592 |   3 |  361.7 |
       Dungeon |   1085 |   1079 |      6 |      0 |    592 |   3 |  361.7 |
               +--------+--------+--------+--------+--------+-----+--------+

Top non-repeatable levels by time:
     D:1: 531 daAuts
     D:2: 349 daAuts
     D:3: 203 daAuts
